 Dungeon Crawl Stone Soup version 0.20-a0-795-ga03948b (webtiles) character file.

984 Alarkh the Slasher (level 7, -2/50 HPs)
             Began as a Demonspawn Monk on Mar 2, 2017.
             Was an Elder of Hepliaklqana.
             Slain by a vampire mosquito (10 damage)
             ... on level 6 of the Dungeon.
             The game lasted 00:06:30 (7775 turns).

Alarkh the Slasher (Demonspawn Monk)                Turns: 7775, Time: 00:06:31

Health: -2/50      AC:  4    Str: 11    XL:     7   Next: 97%
Magic:  7/7        EV: 15    Int: 14    God:    Hepliaklqana [****..]
Gold:   280        SH:  0    Dex: 15    Spells: 6/6 levels left

rFire    + . .     SeeInvis .   a - +0 falchion
rCold    . . .     Gourm    .   b - +0 robe
rNeg     . . .     Faith    .   (no shield)
rPois    .         Spirit   .   (helmet restricted)
rElec    .         Reflect  .   (no cloak)
rCorr    .         Harm     .   (no gloves)
MR       +....                  (no boots)
Stlth    +.........             (no amulet)
Regen    0.2/turn               m - ring of protection from fire
MPRegen  0.1/turn               y - ring of protection from magic

@: confused
A: reduced essence, horns 1, molten scales 1, demonic guardian 1
a: Recall Ancestor, Ancestor Identity, Transference, Idealise, Renounce Religion


You were on level 6 of the Dungeon.
You worshipped Hepliaklqana.
Hepliaklqana was greatly pleased with you.
You were not hungry.

You visited 1 branch of the dungeon, and saw 6 of its levels.

You collected 280 gold pieces.

Inventory:

Hand Weapons
 a - a +0 falchion (weapon)
Armour
 b - a +0 robe (worn)
Jewellery
 m - a ring of protection from fire (right hand)
 q - an uncursed ring of wizardry
 u - an uncursed ring of flight
 y - a ring of protection from magic (left hand)
Wands
 x - a wand of paralysis (11/24)
Scrolls
 d - 4 scrolls of fear {unknown}
 e - a scroll of identify
 f - a scroll of blinking {unknown}
 h - 5 scrolls of remove curse
 l - a scroll of amnesia {unknown}
 o - 3 scrolls of teleportation {unknown}
 p - a scroll of enchant armour {unknown}
 r - 3 scrolls of magic mapping {unknown}
 v - 3 scrolls of fog {unknown}
Potions
 i - a potion of mutation
 j - a potion of magic
 n - a potion of flight
 s - a potion of heal wounds {unknown}
 t - a potion of brilliance {unknown}
 z - a potion of berserk rage {unknown}
Comestibles
 c - 5 bread rations
 g - 4 fruits
 w - a royal jelly


   Skills:
 + Level 5.3 Fighting
 * Level 6.5 Long Blades
 + Level 5.0 Dodging
 - Level 1.9 Stealth


You had 6 spell levels left.
You didn't know any spells.

Dungeon Overview and Level Annotations

Branches:
Dungeon (6/15)
 Temple: D:4-7

Altars:
Hepliaklqana
Okawaru
Ru


Innate Abilities, Weirdness & Mutations

You have a pair of small horns on your head.
You are partially covered in molten scales. (AC +2)
A weak demonic guardian rushes to your aid.
Your life essence is reduced. (-10% HP)


Message History

Your white imp freezes the vampire mosquito.
The vampire mosquito barely misses your iron imp.
Your iron imp closely misses the vampire mosquito.
Gaius barely misses the vampire mosquito.
The vampire mosquito bites your iron imp.
Your iron imp dies!
Your white imp closely misses the vampire mosquito.
The vampire mosquito bites your white imp!
Your white imp dies!
Gaius completely misses the vampire mosquito.
The vampire mosquito barely misses you.
Gaius hits the vampire mosquito with a flail.
The vampire mosquito bites you!
* * * LOW HITPOINT WARNING * * *
The vampire mosquito draws strength from your injuries!
You are confused.
You feel invigorated.
The vampire mosquito closely misses you.
The vampire mosquito bites you!
You die...

.............#....# ###
....##.###.#.#....####.#.
##..##.###.#.#........ . .
##..##..............% ^# ..
..........(........###.#...
.........................#
##..##.#.#.#......)......#
....................)....#
#...............@y.###.#.#
#.#.##.#.#.#..##.R)###.#
........................
#.#.##.......#########..
........##.#.#
#.#.##..##.#.#
#.#.##.......#
.............# #.###.#..#.#


You could see the friendly Gaius the knight and a vampire mosquito.

Vanquished Creatures
  An ogre (D:5)
  A scorpion (D:4)
  Natasha (D:4)
  2 iguanas
  2 worker ants
  A hound skeleton (D:6)
  6 adders
  2 oozes (D:2)
  2 adder skeletons
  2 adder zombies (D:5)
  A worm (D:3)
  2 leopard geckos
  3 orcs
  3 giant cockroaches
  7 hobgoblins
  5 jackals
  9 kobolds
  3 quokkas
  2 ball pythons
  3 bats
  4 frilled lizards
  A giant cockroach zombie (D:5)
  9 goblins
  A leopard gecko zombie (D:5)
  A rat (D:1)
74 creatures vanquished.

Vanquished Creatures (collateral kills)
  The ghost of Alarkh the Digger, an amateur DsEE (D:3)
  2 ogres
  A hound (D:4)
  A jelly (D:5)
  A bullfrog skeleton (D:5)
  4 worker ants
  Natasha (twice) (D:4)
  3 adders
  2 worms
  3 dart slugs
  A leopard gecko (D:5)
  6 orcs
  A giant cockroach (D:5)
  2 hobgoblins
  2 jackals (D:4)
  A goblin (D:2)
  A leopard gecko skeleton (D:4)
34 creatures vanquished.

Vanquished Creatures (others)
  A knight (D:5)
  A fungus (D:5)
2 creatures vanquished.

Grand Total: 110 creatures vanquished

Notes
Turn   | Place    | Note
-------+----------+-------------------------------------------
     0 | D:1      | Alarkh the Demonspawn Monk began the quest for the Orb.
     0 | D:1      | Reached XP level 1. HP: 18/18 MP: 1/1
   524 | D:1      | Gained mutation: You have a pair of small horns on your head. [demonic ancestry]
   524 | D:1      | Reached XP level 2. HP: 22/24 MP: 2/2
   614 | D:1      | Reached skill level 3 in Long Blades
  1464 | D:2      | Reached XP level 3. HP: 29/29 MP: 3/3
  1645 | D:2      | Found a faded altar of an unknown god.
  1654 | D:2      | Became a worshipper of Hepliaklqana the Forgotten
  1654 | D:2      | Reached * piety under Hepliaklqana
  1654 | D:2      | Reached ** piety under Hepliaklqana
  1655 | D:2      | Remembered your ancestor Gaius as a knight
  2080 | D:2      | Reached *** piety under Hepliaklqana
  2249 | D:2      | Gained mutation: You are partially covered in molten scales. (AC +2) [demonic ancestry]
  2249 | D:2      | Reached XP level 4. HP: 30/31 MP: 4/4
  2777 | D:3      | Noticed Alarkh's ghost (amateur DsEE)
  2786 | D:3      | Killed Alarkh's ghost
  2786 | D:3      | Reached skill level 4 in Long Blades
  2786 | D:3      | Gained mutation: A weak demonic guardian rushes to your aid. [demonic ancestry]
  2786 | D:3      | Reached XP level 5. HP: 19/37 MP: 5/5
  3904 | D:4      | Reached **** piety under Hepliaklqana
  3938 | D:4      | Reached XP level 6. HP: 22/43 MP: 4/6
  4398 | D:4      | Reached skill level 5 in Long Blades
  5277 | D:4      | Found an iron altar of Okawaru.
  5278 | D:4      | Noticed Natasha
  5288 | D:4      | Killed Natasha
  5288 | D:4      | Reached XP level 7. HP: 42/49 MP: 7/7
  5615 | D:4      | Found an iron altar of Okawaru.
  5738 | D:4      | Noticed Natasha
  5743 | D:4      | Killed Natasha
  6084 | D:4      | Noticed Natasha
  6103 | D:4      | Killed Natasha
  6261 | D:5      | Entered Level 5 of the Dungeon
  7068 | D:5      | Reached skill level 5 in Fighting
  7271 | D:5      | Reached skill level 6 in Long Blades
  7326 | D:5      | Found a sacrificial altar of Ru.
  7547 | D:5      | Reached skill level 5 in Dodging
  7765 | D:6      | Noticed a vampire mosquito
  7775 | D:6      | Slain by a vampire mosquito

Vault maps used:
D:1:      minmay_arrival_split_and_join, bh_walls_and_bars
D:2:      kennysheep_the_goblin_king, chequers_ecumenical_altar_simple
D:3:      first_bread
D:4:      kennysheep_little_box, interstate_on_off, uniq_natasha
D:5:      nicolae_ru_the_path_less_chosen
D:6:      minmay_cornered_nines, kennysheep_mini_moat, minitemple,
          uniq_crazy_yiuf_cottage, uniq_menkaure, uniq_eustachio

Skill      XL: |  1  2  3  4  5  6  7 |
---------------+----------------------+-----
Long Blades    | 3 4 5 6 |  6.5
Dodging        | 3 4 5 |  5.0
Fighting       | 4 5 |  5.3
Stealth        | |  1.9

Action                   |  1- 3 |  4- 6 |  7- 9 || total
-------------------------+-------+-------+-------++-------
Melee: Falchion          |    91 |   105 |   111 ||   307
       Headbutt          |    11 |    22 |    28 ||    61
Invok: Ancestor Life: Kn |     1 |       |       ||     1
       Recall Ancestor   |       |     1 |       ||     1
  Use: Potion            |       |     1 |     1 ||     2
       Scroll            |       |     3 |     2 ||     5
 Stab: Sleeping          |     3 |     1 |       ||     4
       Distracted        |       |     1 |     1 ||     2
  Eat: Chunk             |     4 |     9 |     4 ||    17
       Bread ration      |       |       |     1 ||     1
Armor: Robe              |    16 |    15 |    10 ||    41
Dodge: Dodged            |    72 |    68 |    73 ||   213
       Rpst.: Falchion   |    22 |    17 |    20 ||    59
